Map: Frozen Temple

Players

Miszu - Winner!

  • Race: Terran Terran
  • League: Master

Damrud

  • Race: Zerg Zerg
  • League: Master

VOD

Have the link to the VOD?

Description

Time

  • Played on: April 23, 2016, 1:22 p.m.
  • Length: 5:20
Show
View Real Time Build Order
Export as new Build Order

Miszu Terran - Winner!

Build Orders: Liberator Opening, Reaper Expand 

Get SALT Encoding   

  12  0:01  SCV  
  13  0:13  SCV  
  14  0:19  Supply Depot  
  14  0:25  SCV  
  15  0:40  SCV  
  15  0:41  Barracks  
  16  0:45  Refinery  
  16  0:52  SCV  
  17  1:04  SCV  
  18  1:16  SCV  
  19  1:29  Reaper, Orbital Command  
  20  1:40  Command Center  
  20  1:50  Supply Depot  
  20  1:53  Refinery  
  20  1:57  SCV  
  21  2:01  Marine  
  22  2:09  SCV  
  22  2:14  Factory  
  23  2:21  SCV  
  24  2:27  Barracks Reactor  
  24  2:34  SCV  
  25  2:47  SCV  
  26  2:58  Starport  
  26  2:59  SCV  
  26  3:00  Orbital Command  
  26  3:04  Marine x2, Factory Tech Lab  
  29  3:17  SCV  
  29  3:18  Orbital Command  
  30  3:23  Siege Tank  
  30  3:26  Bunker, Marine  
  30  3:27  Marine  
  31  3:51  Marine x2  
  31  3:54  Liberator  
  33  4:01  SCV x2  
  35  4:05  Orbital Command  
  35  4:09  Marine  
  36  4:13  SCV  
  40  4:19  Supply Depot, Orbital Command  
  40  4:25  SCV  
  41  4:35  Siege Tank  
  41  4:38  SCV  
  45  4:45  SCV  
  46  4:48  Marine x2  
  46  4:50  SCV  
  49  4:53  Bunker  
  49  4:57  SCV  
  50  5:02  SCV  
Show
View Real Time Build Order
Export as new Build Order

Damrud Zerg 

Build Orders: Pool First, Zergling Baneling 

Get SALT Encoding   

  12  0:00  Drone  
  13  0:12  Overlord  
  13  0:18  Drone  
  14  0:31  Drone x2  
  16  0:37  Drone  
  16  0:42  Extractor  
  16  0:47  Spawning Pool  
  15  0:50  Drone  
  15  0:56  Drone  
  17  1:07  Drone  
  18  1:20  Hatchery  
  18  1:23  Drone  
  18  1:29  Drone  
  19  1:40  Zergling x2  
  19  1:44  Metabolic Boost  
  20  1:52  Queen  
  22  2:05  Evolution Chamber  
  21  2:09  Zergling x2  
  21  2:33  Zergling x8  
  25  2:46  Zergling x4  
  27  2:56  Zergling x2  
  27  2:57  Zergling x2  
  28  3:01  Overlord  
  28  3:34  Zergling x2  
  28  3:35  Zergling x8  
  31  3:48  Zergling x10  
  32  4:00  Roach Warren  
  31  4:06  Baneling Nest  
  31  4:08  Extractor  
  31  4:09  Overlord x2  
  30  4:26  Queen  
  30  4:28  Drone x3  
  30  4:29  Zergling x4  
  37  4:36  Zergling x6  
  40  4:44  Overlord  
  40  4:50  Baneling x6  
  40  4:51  Baneling x6  
  40  4:53  Zergling x4  
Tags
 
Add a new tag
Caveats
  • Supply blocks, unpowered buildings, or Contaminate may cause inaccurate times.
  • Supply counts are checked every 10 seconds.